 Dungeon Crawl Stone Soup version 0.31-a0-344-gd109795599 (webtiles) character file.

Game seed: 14523634446089447912

2963 AdnanSaban the Basher (level 9, -3/56 HPs)
             Began as a Gargoyle Fighter on July 22, 2023.
             Slain by a warg (9 damage)
             ... on level 8 of the Dungeon.
             The game lasted 00:07:38 (7339 turns).

AdnanSaban the Basher (Gargoyle Fighter)            Turns: 7339, Time: 00:07:39

Health: -3/56      AC: 29    Str: 24    XL:     9   Next: 81%
Magic:  9/9        EV:  7    Int:  9    God:
Gold:   366        SH:  5    Dex:  9    Spells: 8/8 levels left

rFire   + . .        u - +2 flail (protect)
rCold   . . .        c - +0 buckler
rNeg    + . .        t - +0 plate armour
rPois   ∞            r - +0 helmet
rElec   +            (no cloak)
rCorr   .            A - +0 pair of gloves
SInv    .            (no boots)
Will    .....        K - amulet of the acrobat Stlth
                     y - ring of protection from fire
HPRegen 0.29/turn    J - +4 ring of slaying
MPRegen 0.11/turn

%: acrobat
@: under a protective aura
A: sickness immunity, AC +6, negative energy resistance 1, electricity
resistance, torment resistance 1, petrification resistance
a: no special abilities


You were on level 8 of the Dungeon.
You visited 2 branches of the dungeon, and saw 10 of its levels.

You collected 366 gold pieces.

Inventory:

Hand Weapons
 u - a +2 flail of protection (weapon)
Missiles
 h - 6 javelins (quivered)
Armour
 c - a +0 buckler (worn)
 r - a +0 helmet (worn)
 t - a +0 plate armour (worn)
 A - a +0 pair of gloves (worn)
Jewellery
 y - a ring of protection from fire (left hand)
 G - a ring of resist corrosion
 J - a +4 ring of slaying (right hand)
 K - an amulet of the acrobat (around neck)
Wands
 B - a wand of flame (28)
 M - a wand of charming (5)
Scrolls
 f - 9 scrolls of identify {unknown}
 g - 6 scrolls of teleportation {unknown}
 j - 4 scrolls of amnesia {unknown}
 k - 2 scrolls of poison {unknown}
 p - a scroll of immolation {unknown}
 q - 3 scrolls of revelation {unknown}
 s - a scroll of blinking {unknown}
 v - 2 scrolls of enchant weapon {unknown}
 w - a scroll of fear {unknown}
 x - a scroll of enchant armour {unknown}
 z - a scroll of silence {unknown}
 F - 2 scrolls of vulnerability {unknown}
 L - a scroll of acquirement {unknown}
Potions
 a - a potion of cancellation {unknown}
 b - a potion of attraction {unknown}
 d - a potion of might
 e - 2 potions of brilliance {unknown}
 i - 3 potions of degeneration {unknown}
 l - 5 potions of curing {unknown}
 m - 3 potions of lignification {unknown}
 n - a potion of invisibility {unknown}
 o - a potion of resistance {unknown}
 C - a potion of berserk rage {unknown}
 D - a potion of magic {unknown}
 E - a potion of heal wounds {unknown}
 H - 2 potions of haste {unknown}
 I - a potion of ambrosia {unknown}


   Skills:
 + Level 6.6 Fighting
 + Level 9.6 Maces & Flails
 + Level 7.5 Armour
 + Level 1.0 Dodging
 + Level 6.0 Shields


You had 8 spell levels left.
You didn't know any spells.
Your spell library contained the following spells:

 Spells                   Type           Power      Damage    Failure   Level
 Frozen Ramparts          Ice            0%         1d1       100%        3
 Ignite Poison            Fire/Tmut/Pois 0%         N/A       100%        3
 Portal Projectile        Hex/Tloc       0%         N/A       100%        3
 Tukima's Dance           Hex            0%         N/A       100%        3
 Iskenderun's Mystic Bla  Conj/Tloc      0%         2d3       100%        4
 Petrify                  Tmut/Erth      0%         N/A       100%        4
 Freezing Cloud           Conj/Ice/Air   0%         6-21      100%        5
 Metabolic Englaciation   Hex/Ice        0%         N/A       100%        5
 Cigotuvi's Dreadful Rot  Necr/Pois/Air  Unusable   N/A       N/A         2

Dungeon Overview and Level Annotations

Branches:
Dungeon (9/15)             Temple (1/1) D:6
   Lair: D:8-11         Orc: D:9-12

Altars:
Ashenzari
Cheibriados
Dithmenos
Elyvilon
Fedhas
Gozag
Hepliaklqana
Kikubaaqudgha
Makhleb
Nemelex Xobeh
Qazlal
Sif Muna
Trog
Uskayaw
Vehumet
Wu Jian
Xom
Yredelemnul
Zin
The Shining One

Shops:
D:1 =   D:7 ((!(=


Innate Abilities, Weirdness & Mutations

You are immune to sickness and miasma.
Your stone body is resilient. (AC +6)
You are immune to poison.
You resist negative energy. (rN+)
You are resistant to electric shocks. (rElec)
You are resistant to unholy torment.
You are immune to petrification.


Message History

The orc priest calls down the wrath of Beogh upon you.
You are unaffected.
The orc priest calls down the wrath of Beogh upon you.
Pain shoots through your body!
The orc priest looks braver for a moment.
You see here a wyvern corpse.
The orc priest mumbles some strange prayers to Beogh against you.
Beogh smites you!
The orc priest calls down the wrath of Beogh upon you.
Beogh smites you!
There is an open door here.
The orc priest mumbles some strange prayers to Beogh against you.
Beogh smites you!
There is an open door here.
The warg bites you!
* * * LOW HITPOINT WARNING * * *
The orc priest invokes the aid of Beogh against you.
Beogh smites you!
* * * LOW HITPOINT WARNING * * *
The warg attacks as you move away! You block the warg's attack.
You block the warg's attack. The warg attacks as you move away!
The warg misses you. x2
The warg attacks as you move away! The warg misses you. The warg misses you.
There is a stone staircase leading up here.
The warg barely misses you.
You climb upwards.
There is a stone staircase leading down here.
You barely miss the warg. The warg barely misses you.
You hit the warg.
Your weapon exudes an aura of protection.
The warg is lightly wounded.
The warg bites you but does no damage. x2
You barely miss the warg.
The warg is lightly wounded.
The warg barely misses you.
You sock the warg!
The warg is heavily wounded.
The warg bites you!
You die...

.....#
###........[.......###..
.....######..##.....#......##
##.
............####.####.######
#. .......###### #..###.#
###> .....#.## ##..##.#
#####... .....#..# ##.##.#
#.....#† .....##.#
#####.##<####.#####.
###..##.#### #...#.#.......#
#. ##.......###..@#....######
#. #########.......h......###
#. ....##
###.##......#....#### ##
..><.# #......##.........#
.....# ###....####..##.#.####
####.#### ##.....#
##.........# #....###..#...#
####.#....# ####.....##.###
#..#...# #...(#####..#######
##.#...#


You could see a warg.

Vanquished Creatures
  A cyclops (D:9)
  Sigmund (D:5)
  2 wyverns
  2 water moccasins (D:7)
  An orc warrior (D:7)
  A sky beast (D:6)
  A black bear (D:6)
  3 ogres
  A phantom (D:5)
  2 bullfrogs
  5 scorpions
  3 wights (D:7)
  A gnoll bouda (D:3)
  A jelly (D:4)
  5 hounds
  A sleepcap (D:5)
  3 iguanas
  6 orc wizards
  Robin (D:3)
  4 gnolls
  8 adders
  A shadow imp (D:7)
  2 white imps
  2 ufetubi
  A worm (D:2)
  4 dart slugs
  25 orcs
  4 ball pythons
  10 bats
  4 endoplasms
  5 giant cockroaches
  13 goblins
  12 hobgoblins
  2 jackals
  5 kobolds
  A quokka (D:1)
  5 frilled lizards
  7 rats
156 creatures vanquished.

Notes
Turn   | Place    | Note
-------+----------+-------------------------------------------
     0 | D:1      | AdnanSaban the Gargoyle Fighter began the quest for the
                  | Orb.
     0 | D:1      | Reached XP level 1. HP: 14/14 MP: 1/1
    85 | D:1      | Reached XP level 2. HP: 18/19 MP: 2/2
   236 | D:1      | Found Ben Wew's Jewellery Emporium.
   352 | D:1      | Reached XP level 3. HP: 8/23 MP: 3/3
  1161 | D:2      | Found a faded altar of an unknown god.
  1299 | D:2      | Reached XP level 4. HP: 29/29 MP: 4/4
  1836 | D:3      | Noticed Robin
  1847 | D:3      | Killed Robin
  1848 | D:3      | Reached skill level 3 in Maces & Flails
  2424 | D:4      | Reached XP level 5. HP: 25/33 MP: 5/5
  2587 | D:4      | Found an opulent altar of Gozag.
  2587 | D:4      | Found a glowing silver altar of Zin.
  3271 | D:3      | Reached skill level 4 in Maces & Flails
  3375 | D:3      | Reached XP level 6. HP: 31/38 MP: 6/6
  3895 | D:5      | Entered Level 5 of the Dungeon
  4107 | D:5      | Reached skill level 5 in Maces & Flails
  4107 | D:5      | Reached skill level 5 in Armour
  4107 | D:5      | Reached XP level 7. HP: 44/44 MP: 7/7
  4439 | D:5      | Found a shimmering altar of Xom.
  4449 | D:5      | Reached skill level 5 in Fighting
  4449 | D:5      | Reached skill level 6 in Maces & Flails
  4592 | D:5      | Noticed Sigmund
  4607 | D:5      | Killed Sigmund
  4608 | D:5      | Reached XP level 8. HP: 42/49 MP: 8/8
  4672 | D:5      | Found a shimmering blue altar of Sif Muna.
  4896 | D:6      | Reached skill level 7 in Maces & Flails
  5069 | D:6      | Found a broken altar of Ashenzari.
  5089 | D:6      | Reached skill level 5 in Shields
  5167 | D:6      | Found a snail-covered altar of Cheibriados.
  5207 | D:6      | Found a staircase to the Ecumenical Temple.
  5219 | Temple   | Entered the Ecumenical Temple
  5592 | D:7      | Found Votio's Jewellery Emporium.
  5625 | D:7      | Noticed a wyvern
  5634 | D:7      | Killed a wyvern
  5635 | D:7      | Reached skill level 8 in Maces & Flails
  5763 | D:7      | Reached XP level 9. HP: 45/55 MP: 9/9
  5894 | D:7      | Found a radiant altar of Vehumet.
  5998 | D:7      | Found Econk's Antique Weapon Shop.
  6035 | D:7      | Reached skill level 1 in Dodging
  6055 | D:7      | Found a hazy altar of Hepliaklqana.
  6088 | D:7      | Found Mept's Weapon Shop.
  6233 | D:7      | Found Zaolany's Distillery.
  6277 | D:7      | Found a bloodstained altar of Trog.
  6346 | D:7      | Reached skill level 9 in Maces & Flails
  6453 | D:7      | Found Riasi's Antique Weapon Boutique.
  6580 | D:8      | Found a hide-covered altar of Uskayaw.
  7002 | D:8      | Found a blossoming altar of Fedhas.
  7065 | D:9      | Found an ornate altar of the Wu Jian Council.
  7107 | D:9      | Noticed a cyclops
  7122 | D:9      | Killed a cyclops
  7284 | D:9      | Noticed a two-headed ogre
  7323 | D:9      | HP: 2/56 [orc priest/divine providence (15)]
  7339 | D:8      | Slain by a warg

Illustrated notes

Levels and vault maps discovered:
D:1:      lightli_arrival_statuegarden, layout_basic, serial_shops,
          nicolae_shop_rolling_square, nrook_loot_triangle,
          minmay_misc_feat_room, minmay_tetromino_i4
D:2:      layout_loops_ring, hellmonk_ecumenical_altar_defaced_shrine,
          nicolae_concentric_dashed_squares_mild
D:3:      layout_loops_cross, uniq_robin
D:4:      layout_basic, grunt_temple_overflow_gold_and_silver
D:5:      layout_gridville, lemuel_coloured_pillars_altar, lemuel_crystal_altar,
          kennysheep_generic_room_11, uniq_sigmund
D:6:      layout_loops_cross, mainiacjoe_overflow_catwalk,
          kennysheep_little_box, minmay_temple_entry_junction
D:7:      layout_basic, overflow_temple_1_default,
          mainiacjoe_overflow_surrounded_room, trog_butcher_becter,
          serial_shops, nicolae_shop_window_shopping, shop,
          nicolae_shop_gaudy_bauble, nicolae_shop_back_alley_shop, shop
D:8:      layout_rooms, fedhas_altar_4, eat_drink_and_be_merry_uskayaw
D:9:      layout_basic, kennysheep_mini, lemuel_round_altar, erik_orc_4
Temple:   hellmonk_temple_rainy

Skill      XL: |  1  2  3  4  5  6  7  8  9 |
---------------+----------------------------+-----
Armour         | 4 5 6 7 |  7.5
Maces & Flails | 3 4 5 6 8 9 |  9.6
Fighting       | 4 5 6 |  6.6
Shields        | 4 5 6 |  6.0
Dodging        | 1 |  1.0

Action                     |  1- 3 |  4- 6 |  7- 9 || total
---------------------------+-------+-------+-------++-------
  Melee: Flail             |   116 |   268 |   364 ||   748
  Throw: Javelin           |       |     1 |       ||     1
 Armour: Scale mail        |    70 |    50 |       ||   120
         Chain mail        |       |    40 |       ||    40
         Plate armour      |       |   146 |   286 ||   432
  Dodge: Dodged            |    68 |   108 |    91 ||   267
  Block: Buckler           |    17 |    66 |    62 ||   145

Table legend: (Time is in decaauts)
 A = Elapsed time spent in this place.
 B = Non-inter-level travel time spent in this place.
 C = Inter-level travel time spent in this place.
 D = Time resting spent in this place.
 E = Time spent auto-exploring this place.
 F = Levels seen in this place.
 G = Mean time per level.
                   A        B        C        D        E       F      G
               +--------+--------+--------+--------+--------+-----+--------+
         Total |   7469 |   7215 |    254 |    480 |   5140 |  10 |  746.9 |
       Dungeon |   7467 |   7213 |    254 |    480 |   5140 |   9 |  829.7 |
        Temple |      1 |      1 |      0 |      0 |      0 |   1 |    1.0 |
               +--------+--------+--------+--------+--------+-----+--------+

Top non-repeatable levels by time:
     D:4: 1314 daAuts
     D:3: 1102 daAuts
     D:7: 1033 daAuts
     D:1: 911 daAuts
     D:5: 822 daAuts
     D:2: 808 daAuts
     D:6: 717 daAuts
     D:8: 468 daAuts
     D:9: 289 daAuts
  Temple: 1 daAuts
